 Dungeon Crawl Stone Soup version 0.15-a0-1015-g702813b (webtiles) character file.

121719 Amnesiac the Unseen (level 17, -14/100 HPs)
             Began as a Halfling Enchanter on May 26, 2014.
             Was the Champion of Dithmenos.
             Killed from afar by a deep elf annihilator (70 damage)
             ... with a crystal spear
             ... on Level 3 of the Elven Halls.
             The game lasted 02:57:39 (31337 turns).

Amnesiac the Unseen (Halfling Enchanter)           Turns: 31337, Time: 02:57:39

HP -14/100       AC 10     Str  9      XL: 17   Next: 40%
MP  14/28        EV 27     Int 23      God: Dithmenos [******]
Gold 1823        SH 19     Dex 19      Spells:  8 memorised,  7 levels left

rFire  + + .     SeeInvis .     w - +0,+2 dagger (speed)
rCold  . . .     Clarity  .     l - +2 robe {MR+}
rNeg   . . .     Conserve .     A - +2 buckler
rPois  +         rCorr    .     S - +1 hat of Liberty {rF++ Dam+1}
rElec  .         rRot     .     f - +1 cloak
SustAb .         Spirit   .     (no gloves)
rMut   .         Warding  .     T - +0 pair of boots of Orthodoxy {+Rage +Fly rPois Int+3}
Gourm  .         Stasis   .     (no amulet)
MR     ++...                    s - +4 ring of strength
                                k - +4 ring of evasion

@: studying Spellcasting, wreathed by umbra, very resistant to hostile
enchantments, extremely stealthy
A: large bone plates 1, breathe flames 1, frail 1, mutation resistance 1, sense
surroundings 1, spit poison 1
a: Spit Poison, Shadow Step, Shadow Form, Renounce Religion, Breathe Fire, Evoke
Berserk Rage, Evoke Flight


You were on level 3 of the Elven Halls.
You worshipped Dithmenos.
Dithmenos was exalted by your worship.
You were hungry.

You visited 5 branches of the dungeon, and saw 27 of its levels.
You also visited: Wizlab.

You collected 2514 gold pieces.
You spent 691 gold pieces at shops.

Inventory:

Hand weapons
 e - a +4 blowgun
 w - a +0,+2 dagger of speed (weapon)
 y - the +9,+9 Staff of Wucad Mu
   (You found it in a wizard's laboratory)
 J - a +0,+1 short sword of venom
Missiles
 d - 5 curare-tipped needles
 N - 2 throwing nets (quivered)
Armour
 f - a +1 cloak (worn)
 l - a +2 robe of magic resistance (worn)
 A - a +2 buckler (worn)
 S - the +1 hat of Liberty (worn) {rF++ Dam+1}
   (You bought it in a shop on level 8 of the Dungeon)

   It affects your damage with ranged weapons and melee attacks (+1).
   It greatly protects you from fire.
 T - the +0 pair of boots of Orthodoxy (worn) {+Rage +Fly rPois Int+3}
   (You bought it in a shop on level 8 of the Dungeon)

   It affects your intelligence (+3).
   It protects you from poison.
   It lets you fly.
   It lets you go berserk.
Magical devices
 a - a wand of invisibility (3)
 m - a wand of teleportation (4)
 p - a wand of digging (18)
 z - a wand of disintegration (10)
Comestibles
 b - an apricot
 u - 5 meat rations
 D - 2 pears
 I - a choko
Scrolls
 g - 2 scrolls of blinking
 j - 4 scrolls of identify
 n - 3 scrolls of remove curse
 o - a scroll of vulnerability
 x - 5 scrolls of fear
 C - 4 scrolls of magic mapping
 F - a scroll of teleportation
 R - 2 scrolls of fog
Jewellery
 k - a +4 ring of evasion (left hand)
 r - an uncursed ring of flight
 s - a +4 ring of strength (right hand)
 v - an uncursed ring of see invisible
 L - an uncursed amulet of resist mutation
Potions
 h - 2 potions of might
 q - 3 potions of restore abilities
 t - a potion of magic
 B - 9 potions of curing
 E - a potion of brilliance
 G - a potion of resistance
 H - 2 potions of agility
Books
 K - a manual of Spellcasting
 M - a book of Enchantments

   Spells                             Type                      Level
   Cause Fear                         Hexes                        4
   Silence                            Hexes/Air                    5
   Tukima's Dance                     Hexes                        5
   Deflect Missiles                   Charms/Air                   6
   Haste                              Charms                       6
   Discord                            Hexes                        8
Miscellaneous
 U - a stone of tremors


   Skills:
 - Level 9.0 Fighting
 + Level 12.3 Short Blades
 - Level 5.1 Throwing
 - Level 9.9 Dodging
 - Level 15.1 Stealth
 - Level 7.1 Shields
 - Level 5.2 Spellcasting
 - Level 15.0 Hexes
 - Level 4.0 Translocations


You had 7 spell levels left.
You knew the following spells:

 Your Spells              Type           Power        Failure   Level  Hunger
a - Apportation           Tloc           ###.......   1%          1    None
b - Blink                 Tloc           N/A          2%          2    None
c - Summon Butterflies    Summ           #.......     12%         1    None
d - Enslavement           Hex            ######..     1%          4    ####...
e - Dazzling Spray        Conj/Hex       #####...     1%          3    ##.....
f - Confuse               Hex            ######..     1%          3    ##.....
q - Flight                Chrm/Air       #.........   30%         3    ##.....
z - Ensorcelled Hibernat  Hex/Ice        #####.       1%          2    None


Dungeon Overview and Level Annotations

Branches:
Dungeon (11/15)            Temple (1/1) D:6             Orc (4/4) D:11
    Elf (3/3) Orc:3          Lair (8/8) D:10         Shoals (0/5) Lair:6
  Snake (0/5) Lair:5        Slime (0/6) Lair:7

Altars:
Ashenzari
Cheibriados
Dithmenos
Elyvilon
Fedhas
Gozag
Kikubaaqudgha
Makhleb
Nemelex Xobeh
Okawaru
Qazlal
Sif Muna
Trog
Vehumet
Xom
Yredelemnul
Zin
The Shining One
Lugonu

Shops:
D:8 ![:(!   Orc:4 [[%!   Elf:3 %


Innate Abilities, Weirdness & Mutations

You are small and have problems with some larger weapons.
You are somewhat resistant to further mutation.
You are partially covered in large bone plates (AC +2, SH +2).
You can breathe flames.
You are frail (-10% HP).
You passively map a small area around you.
You can spit poison.


Message History

Casting: Dazzling Spray
Confirm with . or Enter, or press ? or * to list all spells.
Aiming: Dazzling Spray
Press: ? - help, Shift-Dir - straight line, f/p - deep elf annihilator
Aim: a deep elf annihilator, wielding a runed long sword and wearing a scale mail (lightly wounded, umbra)
The spray of energy hits the deep elf annihilator.
The deep elf annihilator is heavily wounded.
Your shadow mimicks your spell!
The shadow shard misses the deep elf annihilator.
Casting: Dazzling Spray
Confirm with . or Enter, or press ? or * to list all spells.
Aiming: Dazzling Spray
Press: ? - help, Shift-Dir - straight line, f/p - deep elf annihilator
Aim: a deep elf annihilator, wielding a runed long sword and wearing a scale mail (heavily wounded, umbra)
The spray of energy hits the deep elf annihilator.
The deep elf annihilator is heavily wounded.
The deep elf annihilator gestures at you while chanting.
The crystal spear hits you!
Ouch! That really hurt!
You die...

#..'.......#.#.#.#.#.#
####..#.......#..#.#...#.
#..#..#######.#.....#.#..
#..#..# #.##.......#. ##
#..'..# #.....#.#.#.# .##
#..'..# ###......#.#. ..#
#..#..###### #..#.#.#.#.#
..##
####..##...####......#.#.
...##
#).##@...###.######...
....# ####..##e...)...#
##.. ....#
##.##.e.'...###### ##.
....# #)###e###..## ##
....## ##.....###'# #
.....# #.....# #.# #
....(####.....###.# #####
..............'%..# #....
.......##.....#.### #.###


You could see a deep elf annihilator.

Vanquished Creatures
  A deep elf master archer (Elf:3)
  Agnes (Elf:3)
  2 deep elf sorcerers (Elf:3)
  An orc warlord (Orc:4)
  A deep elf demonologist (Elf:2)
  2 deep elf annihilators (Elf:3)
  Snorg (Orc:1)
  A deep elf death mage (Elf:3)
  3 deep elf high priests (Elf:3)
  7 hydras
  A monstrous demonspawn (WizLab)
  Erica (Elf:1)
  A spectral elf (Elf:3)
  An orc high priest (Orc:4)
  9 death yaks
  13 deep elf knights
  Nergalle (Lair:8)
  Erolcha (Orc:1)
  An iron troll (Orc:4)
  2 deep trolls (WizLab)
  A hill giant (D:11)
  9 deep elf summoners
  The ghost of Amnesiac the Jinx, an experienced HaEn of Dithmenos (D:7)
  A griffon (Lair:6)
  An oklob plant (Lair:3)
  10 deep elf conjurers
  5 orc sorcerers (Orc:4)
  Maurice (D:10)
  14 elephants
  A mermaid (Lair:6)
  A queen ant (Lair:4)
  4 black mambas
  7 spiny frogs
  3 fire drakes
  14 komodo dragons
  A hydra zombie (D:9)
  2 two-headed ogres
  2 trolls
  5 deep elf priests
  2 blue devils (Orc:4)
  A boulder beetle (Lair:7)
  16 blink frogs
  A shadow (D:11)
  A basilisk (Lair:8)
  24 deep elf magi
  A redback (Elf:1)
  3 wyverns
  A hill giant zombie (D:10)
  23 deep elf fighters
  3 elephant slugs
  28 yaks
  7 hippogriffs
  2 sharks (Lair:6)
  A hungry ghost (D:8)
  2 wargs
  3 wolves (Lair:2)
  7 soldier ants (Lair:4)
  7 porcupines
  A necrophage (D:9)
  20 orc warriors
  2 ice beasts
  14 water moccasins
  4 nagas (Lair:5)
  A black bear (Lair:4)
  A yellow wasp (D:10)
  A sky beast (D:10)
  7 ogres
  2 phantoms
  A boring beetle (Lair:8)
  4 centaurs
  11 crocodiles
  A lava worm (D:9)
  2 big kobolds
  9 giant slugs
  16 giant frogs
  3 scorpions
  A troll zombie (D:8)
  19 killer bees
  4 electric eels
  4 crimson imps
  A giant frog zombie (D:8)
  2 goliath beetles
  A jelly (D:10)
  An iron imp (Orc:4)
  39 orc priests
  Crazy Yiuf (D:3)
  3 big fish
  9 iguanas
  30 worker ants
  13 hounds
  A lava snake (D:9)
  38 orc wizards
  3 orange rats
  An ogre zombie (D:9)
  A big kobold zombie (D:6)
  17 sheep
  A worker ant zombie (D:8)
  20 adders
  3 gnolls (D:2)
  76 green rats
  An inept item mimic (D:3)
  An inept feature mimic (D:8)
  2 giant mites
  5 worms
  A goliath beetle zombie (D:10)
  4 shadow imps
  An ufetubus (Orc:4)
  6 orc zombies
  2 orc skeletons
  5 giant geckos
  An ooze (D:5)
  138 orcs
  23 bats
  4 giant cockroaches
  18 hobgoblins
  16 jackals
  21 kobolds
  A ball python (D:6)
  8 giant newts
  A giant spore (D:9)
  19 goblins
  A kobold zombie (D:6)
  13 quokkas
  38 rats
  2 rat zombies (D:6)
  A ballistomycete (D:9)
  A fungus (Lair:5)
990 creatures vanquished.

Vanquished Creatures (collateral kills)
  2 orc sorcerers (Orc:4)
  4 orc warriors
  2 orc wizards (Orc:4)
  10 orcs
18 creatures vanquished.

Vanquished Creatures (others)
  A deep elf summoner (Elf:1)
  An orc sorcerer (Orc:4)
  A deep elf mage (Elf:1)
  An orc warrior (Orc:4)
  2 orc priests (Orc:4)
  An orc wizard (Orc:4)
  An orange rat (Elf:3)
  An orc zombie (Orc:4)
  2 orcs
  2 fungi
  2 plants (Lair:8)
15 creatures vanquished.

Grand Total: 1023 creatures vanquished

Notes
Turn   | Place    | Note
--------------------------------------------------------------
     0 | D:1      | Amnesiac, the Halfling Enchanter, began the quest for the Orb.
     0 | D:1      | Reached XP level 1. HP: 11/11 MP: 2/2
   129 | D:1      | Reached XP level 2. HP: 12/17 MP: 3/3
   133 | D:1      | Learned a level 2 spell: Ensorcelled Hibernation
   258 | D:1      | Reached skill level 3 in Hexes
   409 | D:2      | Reached XP level 3. HP: 19/21 MP: 5/5
   756 | D:3      | Reached XP level 4. HP: 27/27 MP: 6/6
   762 | D:3      | Learned a level 3 spell: Confuse
   886 | D:4      | Reached XP level 5. HP: 14/31 MP: 1/7
  1034 | D:3      | Found a snail-covered altar of Cheibriados.
  1180 | D:4      | Noticed an ogre
  1284 | D:4      | Killed an ogre
  1284 | D:4      | Reached skill level 4 in Short Blades
  1284 | D:4      | Reached XP level 6. HP: 36/36 MP: 0/9
  1317 | D:4      | Learned a level 3 spell: Dazzling Spray
  1376 | D:4      | Found a shattered altar of Ashenzari.
  1466 | D:5      | Entered Level 5 of the Dungeon
  1564 | D:4      | Found a blossoming altar of Fedhas.
  1567 | D:4      | Found an ancient bone altar of Kikubaaqudgha.
  2123 | D:5      | Gained mutation: You passively map a small area around you. [potion of beneficial mutation]
  2146 | D:5      | Reached XP level 7. HP: 6/41 MP: 0/10
  2150 | D:5      | HP: 2/41 [poisoned by a worker ant]
  2282 | D:5      | Reached skill level 5 in Stealth
  2571 | D:6      | Reached skill level 5 in Short Blades
  2757 | D:6      | Found a deep blue altar of Sif Muna.
  2778 | D:6      | Reached skill level 5 in Hexes
  2863 | D:6      | Found a staircase to the Ecumenical Temple.
  2868 | D:6      | Reached XP level 8. HP: 41/46 MP: 5/11
  2880 | Temple   | Entered the Ecumenical Temple
  3244 | D:2      | Found a glowing golden altar of the Shining One.
  3346 | D:2      | Found a shimmering altar of Xom.
  3446 | D:2      | Found a shadowy altar of Dithmenos.
  3465 | D:2      | Became a worshipper of Dithmenos the Shadowed
  4006 | D:3      | Reached skill level 1 in Shields
  4136 | D:3      | Noticed Crazy Yiuf
  4146 | D:3      | Killed Crazy Yiuf
  4648 | D:5      | Reached skill level 6 in Stealth
  5264 | D:7      | Noticed Amnesiac's ghost (experienced HaEn)
  5272 | D:7      | Killed Amnesiac's ghost
  5272 | D:7      | Reached skill level 8 in Hexes
  5272 | D:7      | Reached XP level 9. HP: 35/51 MP: 0/13
  5862 | D:7      | Reached skill level 9 in Hexes
  5932 | D:7      | Acquired Dithmenos' first power
  6383 | D:7      | Found a burning altar of Makhleb.
  6616 | D:8      | Found Selergh's Distillery.
  6647 | D:8      | Found Oxze Gic's Antique Armour Shoppe.
  6651 | D:8      | Found a sparkling altar of Nemelex Xobeh.
  6652 | D:8      | Reached skill level 5 in Shields
  6709 | D:8      | Bought a shimmering hat for 189 gold pieces
  6709 | D:8      | Bought a pair of heavily runed boots for 199 gold pieces
  6712 | D:8      | Identified the +1 hat of Liberty {rF++ Dam+1} (You bought it in a shop on level 8 of the Dungeon)
  6715 | D:8      | Identified the +0 pair of boots of Orthodoxy {+Rage +Fly rPois Int+3} (You bought it in a shop on level 8 of the Dungeon)
  6937 | D:8      | Found Yves' Weapon Emporium.
  6961 | D:8      | Found Venlif's Book Shop.
  6984 | D:8      | Found Schiaf's Distillery.
  7044 | D:8      | Bought a potion of mutation for 27 gold pieces
  7045 | D:8      | Gained mutation: You can spit poison. [potion of mutation]
  7077 | D:8      | Reached XP level 10. HP: 56/56 MP: 14/14
  7269 | D:8      | Identified Vehumet's Handbook of Congealing Confrontation (You found it on level 8 of the Dungeon)
  7288 | D:8      | Acquired Dithmenos' second power
  7638 | D:9      | Found a white marble altar of Elyvilon.
  7706 | D:9      | Learned a level 4 spell: Enslavement
  8071 | D:9      | Found a radiant altar of Vehumet.
  8640 | D:9      | Found a bloodstained altar of Trog.
  8644 | D:9      | Reached skill level 10 in Short Blades
  8955 | D:10     | Entered Level 10 of the Dungeon
  8986 | D:10     | Identified a scroll of acquirement
  9205 | D:10     | Found a staircase to the Lair.
  9670 | D:10     | Acquired Dithmenos' third power
  9827 | D:11     | Noticed a hill giant
  9836 | D:11     | Got a bloodstained trident
  9863 | D:11     | Noticed Maurice
  9890 | D:10     | Reached XP level 11. HP: 39/61 MP: 12/15
 10048 | D:10     | Killed Maurice
 10169 | D:11     | Found a staircase to the Orcish Mines.
 10191 | D:11     | Killed a hill giant
 10309 | Lair:1   | Entered Level 1 of the Lair of Beasts
 10334 | Lair:1   | Reached skill level 10 in Stealth
 10688 | Lair:1   | Reached skill level 10 in Hexes
 11608 | Lair:2   | You fall through a shaft for 2 floors!
 11637 | Lair:4   | Acquired Dithmenos' fourth power
 11866 | Lair:2   | Noticed a death yak
 12025 | Lair:2   | Reached skill level 11 in Hexes
 12409 | Lair:2   | Reached XP level 12. HP: 66/66 MP: 0/17
 12635 | Lair:2   | Killed a death yak
 13397 | Lair:2   | Reached skill level 12 in Hexes
 13477 | Lair:2   | Noticed a six-headed hydra
 13484 | Lair:2   | Killed a six-headed hydra
 14298 | Lair:3   | Noticed an oklob plant
 14300 | Lair:3   | Killed an oklob plant
 14465 | Lair:3   | Noticed a seven-headed hydra
 14481 | Lair:3   | Killed a seven-headed hydra
 14653 | Lair:3   | Paralysed by a potion of paralysis for 6 turns
 15154 | Lair:4   | Noticed a death yak
 15157 | Lair:4   | Noticed a death yak
 15166 | Lair:4   | Noticed a death yak
 15166 | Lair:4   | Noticed a death yak
 15177 | Lair:4   | Killed a death yak
 15183 | Lair:4   | Killed a death yak
 15183 | Lair:4   | Reached XP level 13. HP: 71/71 MP: 10/21
 15192 | Lair:4   | Killed a death yak
 15226 | Lair:4   | Killed a death yak
 15226 | Lair:4   | Reached skill level 13 in Stealth
 16397 | Lair:5   | Reached skill level 14 in Stealth
 16399 | Lair:5   | Found a staircase to the Snake Pit.
 16707 | Lair:5   | Reached skill level 5 in Dodging
 17270 | Lair:6   | Found a staircase to the Shoals.
 17373 | Lair:6   | Learned a level 2 spell: Blink
 17375 | Lair:6   | Learned a level 1 spell: Apportation
 17377 | Lair:6   | Learned a level 1 spell: Summon Butterflies
 17558 | Lair:6   | Reached skill level 1 in Translocations
 18653 | Lair:7   | Found a staircase to the Slime Pits.
 18903 | Lair:7   | Reached XP level 14. HP: 57/76 MP: 4/22
 19623 | Lair:7   | Learned a level 3 spell: Flight
 19887 | Lair:8   | Entered Level 8 of the Lair of Beasts
 19957 | Lair:7   | Gained mutation: You are partially covered in large bone plates (AC +2, SH +2). [potion of mutation]
 19957 | Lair:7   | Gained mutation: You can breathe flames. [potion of mutation]
 21320 | Lair:8   | Noticed Nergalle
 21330 | Lair:8   | Killed Nergalle
 21839 | Orc:1    | Entered Level 1 of the Orcish Mines
 21839 | Orc:1    | Noticed Erolcha
 21844 | Orc:1    | Killed Erolcha
 21920 | Orc:1    | Noticed Snorg
 21927 | Orc:1    | Killed Snorg
 22500 | Orc:1    | Found a bloodstained altar of Trog.
 23226 | Orc:3    | Found a staircase to the Elven Halls.
 23613 | Orc:3    | Reached XP level 15. HP: 78/81 MP: 8/23
 23863 | Orc:4    | Entered Level 4 of the Orcish Mines
 24752 | Orc:4    | Noticed an orc warlord
 24796 | Orc:4    | Killed an orc warlord
 25154 | Orc:4    | Gained mutation: You are frail (-10% HP). [a neqoxec]
 25246 | Orc:4    | Found Mnablen's Antique Armour Shop.
 25246 | Orc:4    | Found Saav's Armour Shop.
 25250 | Orc:4    | Found Klottyxt's Distillery.
 25253 | Orc:4    | Found Nobattig's Food Boutique.
 25323 | Orc:4    | Bought a potion of mutation for 37 gold pieces
 25383 | Orc:4    | Bought a crude helmet for 209 gold pieces
 25387 | Orc:4    | Identified the +1 helmet of Inquiry {+Rage Dam+2} (You bought it in a shop on level 4 of the Orcish Mines)
 26187 | D:8      | Bought a potion of mutation for 30 gold pieces
 26345 | Elf:1    | Entered Level 1 of the Elven Halls
 26557 | Elf:1    | Reached skill level 5 in Fighting
 27161 | Elf:1    | Noticed Erica
 27167 | Elf:1    | Killed Erica
 28360 | Elf:3    | Entered Level 3 of the Elven Halls
 28390 | Elf:3    | Found a magical portal.
 28397 | WizLab   | Entered Wucad Mu's Monastery
 28448 | WizLab   | Noticed a grey draconian monk
 28576 | WizLab   | Noticed a grey draconian monk
 28678 | WizLab   | Noticed a grey draconian monk
 28742 | WizLab   | Noticed a grey draconian monk
 28742 | WizLab   | Noticed a grey draconian monk
 28743 | WizLab   | Noticed a grey draconian monk
 28796 | WizLab   | Noticed a grey draconian monk
 28818 | WizLab   | Noticed a grey draconian monk
 29298 | Elf:3    | Reached XP level 16. HP: 97/97 MP: 24/24
 29379 | Elf:3    | Reached XP level 17. HP: 100/100 MP: 24/27
 29413 | Elf:3    | Reached skill level 15 in Stealth
 29562 | Elf:3    | Noticed Agnes
 29564 | Elf:3    | Killed Agnes
 29619 | Elf:3    | Reached skill level 5 in Throwing
 29627 | Elf:2    | Reached skill level 15 in Hexes
 29886 | Elf:3    | Found Otaf's Food Shoppe.
 29967 | Elf:3    | Noticed a deep elf sorcerer
 29987 | Elf:3    | Reached skill level 5 in Spellcasting
 30098 | Elf:3    | Noticed a deep elf sorcerer
 30099 | Elf:3    | Noticed a deep elf sorcerer
 30099 | Elf:3    | Noticed a deep elf sorcerer
 30099 | Elf:3    | Noticed a deep elf sorcerer
 30101 | Elf:3    | Noticed a deep elf sorcerer
 30243 | Elf:3    | Killed a deep elf sorcerer
 30285 | Elf:3    | Noticed a deep elf sorcerer
 30286 | Elf:3    | Noticed a deep elf sorcerer
 30286 | Elf:3    | Noticed a deep elf blademaster
 30287 | Elf:3    | Killed a deep elf sorcerer
 30478 | Elf:3    | Noticed a deep elf master archer
 30802 | Elf:3    | Killed a deep elf master archer
 31337 | Elf:3    | Killed from afar by a deep elf annihilator

Action                   |  1- 3 |  4- 6 |  7- 9 | 10-12 | 13-15 | 16-18 || total
-------------------------+-------+-------+-------+-------+-------+-------++-------
Melee: Dagger            |    57 |   136 |   461 |   626 |  1411 |    68 ||  2759
       Short sword       |       |       |       |    27 |       |       ||    27
       Cutlass           |       |       |       |       |       |     1 ||     1
Throw: Dart              |       |     3 |       |       |       |       ||     3
       Throwing net      |       |       |       |       |       |     3 ||     3
 Cast: Ensorcelled Hiber |     2 |    19 |    65 |   147 |   165 |       ||   398
       Confuse           |       |     3 |    16 |    46 |     7 |       ||    72
       Dazzling Spray    |       |       |       |    23 |   220 |    71 ||   314
       Enslavement       |       |       |       |     2 |    21 |       ||    23
       Blink             |       |       |       |       |    14 |     3 ||    17
       Apportation       |       |       |       |       |     2 |       ||     2
       Summon Butterflie |       |       |       |       |       |     1 ||     1
Invok: Shadow Step       |       |       |       |     1 |     8 |     3 ||    12
 Abil: Spit Poison       |       |       |       |       |     1 |       ||     1
Evoke: Wand              |       |       |       |    10 |    12 |     2 ||    24
  Use: Scroll            |       |     6 |     4 |    22 |    12 |     3 ||    47
       Potion            |       |     4 |     9 |     1 |     9 |     4 ||    27
 Stab: Sleeping          |     6 |     8 |    59 |   154 |   191 |     4 ||   422
       Confused          |       |     1 |     6 |    16 |     2 |       ||    25
       Distracted        |       |     1 |     3 |     3 |     6 |     3 ||    16
       Invisible         |       |       |       |    20 |    91 |    11 ||   122
       Held in net/web   |       |       |       |       |       |     2 ||     2
